 Dungeon Crawl Stone Soup version 0.27.1-4-g1640c2035a (webtiles) character file.

Game seed: 14985949516737071196

338 BinkBink the Grave Robber (level 6, -5/32 HPs)
             Began as a Deep Elf Necromancer on Nov 3, 2021.
             Killed by nerve-wracking pain
             ... invoked by an orc priest
              (6 damage)
             ... on level 4 of the Dungeon on Nov 4, 2021.
             The game lasted 00:15:14 (5527 turns).

BinkBink the Grave Robber (Deep Elf Necromancer)    Turns: 5527, Time: 00:15:15

Health: -5/32      AC:  2    Str:  5    XL:     6   Next: 29%
Magic:  14/17      EV: 12    Int: 22    God:
Gold:   196        SH:  0    Dex: 15    Spells: 15/17 levels left

rFire    . . .     SeeInvis .   (no weapon)
rCold    . . .     Faith    .   (no shield)
rNeg     . . .     Spirit   .   a - +0 robe
rPois    .         Reflect  .   (no helmet)
rElec    .         Harm     .   (no cloak)
rCorr    .         Rampage  .   (no gloves)
Will     .....                  (no boots)
Stlth    ++........             (no amulet)
HPRegen  0.10/turn              (no ring)
MPRegen  0.15/turn              (no ring)

@: no status effects
A: no striking features
a: no special abilities


You were on level 4 of the Dungeon.
You visited 1 branch of the dungeon, and saw 5 of its levels.

You collected 196 gold pieces.

Inventory:

Armour
 a - a +0 robe (worn)
Scrolls
 b - 4 scrolls of identify {unknown}
 c - a scroll of teleportation {unknown}
 d - a scroll of magic mapping {unknown}
 e - a scroll of blinking {unknown}
 h - a scroll of enchant weapon {unknown}
 j - a scroll of brand weapon {unknown}
Potions
 f - a potion of magic {unknown}
 g - a potion of resistance {unknown}
 i - 3 potions of curing {unknown}
 k - a potion of might {unknown}


   Skills:
 + Level 2.6 Dodging
 + Level 3.1 Stealth
 + Level 6.3 Spellcasting
 + Level 7.2 Necromancy


You had 15 spell levels left.
You knew the following spells:

 Your Spells              Type           Power      Damage    Failure   Level
a - Pain                  Necr           100%       1d9       1%          1
b - Animate Skeleton      Necr           76%        N/A       1%          1

Your spell library contained the following spells:

 Spells                   Type           Power      Damage    Failure   Level
 Vampiric Draining        Necr           19%        2d8       1%          3
 Animate Dead             Necr           19%        N/A       4%          4
 Corona                   Hex            6%         N/A       9%          1
 Freeze                   Ice            24%        1d5       9%          1
 Ensorcelled Hibernation  Hex/Ice        12%        N/A       13%         2
 Agony                    Necr           38%        N/A       13%         5
 Frozen Ramparts          Ice            12%        1d3       26%         3
 Tukima's Dance           Hex            6%         N/A       26%         3
 Hailstorm                Conj/Ice       6%         3d4       65%         4
 Ice Form                 Ice/Tmut       6%         N/A       65%         4
 Summon Ice Beast         Ice/Summ       6%         N/A       65%         4


Dungeon Overview and Level Annotations

Branches:
Dungeon (5/15)
 Temple: D:4-7

Altars:
Ashenzari
Gozag
Hepliaklqana
Zin

Shops:
D:1 [


Message History

Aim: an orc, wielding a +0 whip (chance to affect: 93%)
The orc writhes in agony!
You kill the orc!
Casting: Pain (safe; 1% risk of failure)
Confirm with . or Enter, or press ? or * to list all spells.
There is nothing nearby to animate!
Unknown command.
Casting: Animate Skeleton (safe; 1% risk of failure)
Confirm with . or Enter, or press ? or * to list all spells.
Aiming: Pain (safe; 1% risk of failure)
Press: ? - help, Shift-Dir - straight line, f - orc priest
Aim: an orc priest, wielding a +0 hand axe and wearing a +0 chain mail (chance to affect: 84%)
The orc priest writhes in agony!
The orc priest begins to cast a cantrip, but forgets the words!
The orc priest hits you with a +0 hand axe.
Casting: Pain (safe; 1% risk of failure)
Confirm with . or Enter, or press ? or * to list all spells.
Aiming: Pain (safe; 1% risk of failure)
Press: ? - help, Shift-Dir - straight line, f/p - orc priest
Aim: an orc priest, wielding a +0 hand axe and wearing a +0 chain mail (severely wounded, chance to affect: 84%)
The orc priest writhes in agony.
The orc priest hits you with a +0 hand axe.
Casting: Pain (safe; 1% risk of failure)
Confirm with . or Enter, or press ? or * to list all spells.
Aiming: Pain (safe; 1% risk of failure)
Press: ? - help, Shift-Dir - straight line, f/p - orc priest
Aim: an orc priest, wielding a +0 hand axe and wearing a +0 chain mail (severely wounded, chance to affect: 84%)
The orc priest barely resists.
The orc priest calls upon Beogh to heal the orc priest.
The orc priest is healed somewhat.
The orc priest calls upon Beogh to heal the orc priest.
The orc priest is healed somewhat.
The orc priest barely misses you.
You climb upwards.
There is a stone staircase leading down here.
The orc priest calls down the wrath of Beogh upon you.
Pain shoots through your body!
* * * LOW HITPOINT WARNING * * *
The orc priest invokes the aid of Beogh against you.
Pain shoots through your body!
You die...

#...##..#...
#..###?.#._.
#..# #?.#...
#..# #... #####
#..### ####
#...####..#.####
#
#..............#
#
#...#####.######
# ##@##
#.######### #.#
#.......... #.#
########### #o#
# #.# # #.# #.#
#.# #.#


You could see an orc priest.

Vanquished Creatures
  A black bear (D:4)
  2 hounds (D:4)
  Jessica (D:3)
  4 adders
  2 dart slugs
  4 worms (D:3)
  12 orcs
  4 bats
  4 endoplasms
  6 giant cockroaches
  8 goblins
  12 hobgoblins
  4 jackals
  5 kobolds
  3 quokkas
  8 ball pythons
  5 frilled lizards
  2 rats (D:3)
87 creatures vanquished.

Vanquished Creatures (collateral kills)
  An adder skeleton (D:4)
  An orc (D:4)
2 creatures vanquished.

Vanquished Creatures (others)
  A fungus (D:1)
1 creature vanquished.

Grand Total: 90 creatures vanquished

Notes
Turn   | Place    | Note
-------+----------+-------------------------------------------
     0 | D:1      | BinkBink the Deep Elf Necromancer began the quest for the
                  | Orb.
     0 | D:1      | Reached XP level 1. HP: 10/10 MP: 6/6
    34 | D:1      | Found Rech's Antique Armour Shoppe.
    39 | D:1      | Reached skill level 5 in Necromancy
   179 | D:1      | Found a faded altar of an unknown god.
   260 | D:1      | Reached XP level 2. HP: 10/15 MP: 4/8
  1494 | D:2      | Reached XP level 3. HP: 15/19 MP: 6/10
  2470 | D:2      | Learned a level 1 spell: Animate Skeleton
  2754 | D:3      | Reached XP level 4. HP: 23/24 MP: 9/11
  2897 | D:3      | Reached skill level 6 in Necromancy
  2898 | D:3      | Noticed Jessica
  2949 | D:3      | Killed Jessica
  3407 | D:3      | Found an opulent altar of Gozag.
  3407 | D:3      | Found a hazy altar of Hepliaklqana.
  3877 | D:4      | Reached skill level 5 in Spellcasting
  3877 | D:4      | Reached XP level 5. HP: 13/28 MP: 8/14
  4341 | D:4      | Found a broken altar of Ashenzari.
  4895 | D:4      | Found a glowing silver altar of Zin.
  4908 | D:4      | Noticed a black bear
  4913 | D:4      | Killed a black bear
  4914 | D:4      | Reached skill level 7 in Necromancy
  4914 | D:4      | Reached XP level 6. HP: 27/32 MP: 11/17
  5086 | D:5      | Entered Level 5 of the Dungeon
  5154 | D:5      | HP: 1/32 [orc priest/divine providence (11)]
  5526 | D:4      | HP: 1/32 [orc priest/nerve-wracking pain (14)]
  5527 | D:4      | Killed from afar by an orc priest

Illustrated notes

Levels and vault maps discovered:
D:1:      roderic_crop_circles_arrival_small, layout_basic, serial_shops,
          nicolae_shop_temple_entry_statues_fountains,
          shapermc_ecumenical_altar_gd, corexii_item_surrounded_by_moat
D:2:      layout_loops_cross, minmay_tetromino_s4
D:3:      layout_rooms, gammafunk_temple_overflow_pools,
          lemuel_zombie_altar_yredelemnul, cheibrodos_sewer_entry_drain,
          uniq_jessica
D:4:      layout_loops_ring, cheibrodos_ashenzari_chains, zin_scriptorium,
          enter_ossuary_3
D:5:      layout_cave_pods, nicolae_ru_the_path_less_chosen,
          minmay_temple_entry_tees

Skill      XL: |  1  2  3  4  5 |
---------------+----------------+-----
Necromancy     | 5 6 7 |  7.2
Stealth        | 3 |  3.1
Spellcasting   | 5 6 |  6.3
Dodging        | |  2.6

Action                   |  1- 3 |  4- 6 || total
-------------------------+-------+-------++-------
 Cast: Pain              |    74 |   109 ||   183
       Animate Skeleton  |     3 |     5 ||     8
Armor: Robe              |     3 |     2 ||     5
Dodge: Dodged            |     7 |    18 ||    25
